 Dungeon Sprint DCSS version 0.22.1-2-g9c5b331 (webtiles) character file.

23623 diana the Acrobat (level 13, -25/117 HPs)
             Began as a Merfolk Gladiator on Dec 15, 2018.
             Was a High Priest of Hepliaklqana.
             Annihilated by a death cob (28 damage)
             ... in the Dungeon (Sprint VII: "The Pits").
             The game lasted 00:20:42 (3853 turns).

diana the Acrobat (Merfolk Gladiator)               Turns: 3853, Time: 00:20:44

Health: -25/117    AC: 15    Str: 19    XL:     13   Next: 7%
Magic:  15/20      EV: 37    Int: 10    God:    Hepliaklqana [*****.]
Gold:   24         SH:  0    Dex: 21    Spells: 12/12 levels left

rFire    . . .     SeeInvis .   w - +2 halberd (protect)
rCold    . . .     Gourm    .   (shield currently unavailable)
rNeg     . . .     Faith    .   t - +5 ring mail
rPois    .         Spirit   .   c - +0 helmet
rElec    .         Reflect  .   x - +0 cloak
rCorr    .         Harm     .   (no gloves)
MR       .....     NoTele   +   (no boots)
Stlth    ++........             (no amulet)
HPRegen  0.29/turn              u - +3 ring of evasion
MPRegen  0.17/turn              v - +3 ring of intelligence

@: agile, marked, very slightly contaminated, slowed, very slow
A: change form in water, swift swim, stealthy swim, reduced essence
a: Recall Ancestor, Ancestor Identity, Transference, Idealise, Renounce Religion


You were in the Dungeon.
You worshipped Hepliaklqana.
Hepliaklqana was extremely pleased with you.
You were hungry.

You visited 1 branch You collected 24 gold pieces.

Inventory:

Hand Weapons
 r - a +1 trident of piercing
 w - a +2 halberd of protection (weapon)
Armour
 b - a +1 hat
 c - a +0 helmet (worn)
 t - a +5 ring mail (worn)
 x - a +0 cloak (worn)
Jewellery
 u - a +3 ring of evasion (left hand)
 v - a +3 ring of intelligence (right hand)
 y - an uncursed ring of protection from cold
Wands
 d - a wand of polymorph (20)
Scrolls
 m - 4 scrolls of remove curse
 n - 5 scrolls of amnesia
 o - a scroll of summoning
 s - 4 scrolls of identify
 A - 6 scrolls of enchant weapon
 B - 2 scrolls of fog
 C - 3 scrolls of enchant armour
Potions
 a - a potion of resistance
 e - 9 potions of curing
 g - a potion of brilliance
 h - 2 potions of haste
 i - 4 potions of magic
 j - 6 potions of heal wounds
 l - 2 potions of invisibility
 z - a potion of mutation
Comestibles
 f - 8 rations


   Skills:
 * Level 21.2 Fighting
 - Level 16.0 Polearms
 - Level 2.0 Throwing
 + Level 10.1 Armour
 * Level 21.6 Dodging
 - Level 9.9 Invocations


You had 12 spell levels left.
You didn't know any spells.
Your spell library was empty.

Dungeon Overview and Level Annotations

Branches:
Dungeon (1/1)

Altars:
Ashenzari
Cheibriados
Dithmenos
Elyvilon
Fedhas
Gozag
Hepliaklqana
Kikubaaqudgha
Makhleb
Nemelex Xobeh
Okawaru
Qazlal
Ru
Sif Muna
Trog
Uskayaw
Vehumet
Wu Jian
Xom
Yredelemnul
Zin
The Shining One
Beogh
Jiyva
Lugonu


Message History

The death cob closely misses you. The death cob misses you.
The death cob completely misses you. The death cob hits you!!
* * * LOW HITPOINT WARNING * * *
The death cob drains your vigour!
You feel as though you will be slow longer.
There is an open door, spattered with blood here.
The death cob completely misses you. The death cob closely misses you.
Firing (i - inventory) No suitable missiles.
Press: ? - help, Shift-Dir - straight line, f - death cob
Aim: a death cob (lightly damaged)
Okay, then.
You barely miss the death cob.
The death cob is lightly damaged.
The death cob completely misses you. The death cob hits you!!
* * * LOW HITPOINT WARNING * * *
The death cob drains your vigour!
You feel as though you will be slow longer.
The death cob hits you!!
You die...

##### ...+ ...+
#############..#
#.#.#|#.#G#G#..#
#.#.#:#.#.#z..#
#)#)#z#k#.#@.#
#.#.#.#W##..#
#++###
#k#W#.#.#.#..#
#.....
###############..#
#.....
.................#
#..###
.................#
#..#
######''##########
#..#
#######''##########
#..#
..............##..#
#..#


You could see a death cob and a great orb of eyes.

Vanquished Creatures
  Gastronok (D)
  A nagaraja (D)
  A fire giant (D)
  A war gargoyle (D)
  Josephine (D)
  A hydra (D)
  Harold (D)
  A dancing weapon (D)
  A large abomination (D)
  4 skeletal warriors (D)
  3 flayed ghosts (D)
  2 sea snakes (D)
  A wizard (D)
  A naga ritualist (D)
  2 orc knights (D)
  An orc sorcerer (D)
  An elephant (D)
  Joseph (D)
  A rime drake (D)
  A hellwing (D)
  A red devil (D)
  A troll (shapeshifter) (D)
  A hornet (D)
  Grinder (D)
  A hippogriff (D)
  4 dream sheep (D)
  A tarantella (D)
  A ynoxinul (D)
  A water elemental (D)
  4 wraiths (D)
  A steam dragon (D)
  3 hungry ghosts (D)
  2 nagas (D)
  3 vampire mosquitoes (D)
  Purgy (D)
  A swamp drake (D)
  2 orc warriors (D)
  An ice beast (D)
  An eye of draining (D)
  A necrophage (D)
  2 ogres (D)
  A crocodile (D)
  A small abomination (D)
  A bullfrog (D)
  A gnoll sergeant (D)
  2 crimson imps (D)
  An iron imp (D)
  A jelly (D)
  A hell rat (D)
  2 iguanas (D)
  3 worker ants (D)
  A river rat (D)
  An ufetubus (D)
  An ooze (D)
  An adder skeleton (D)
  A leopard gecko (D)
  An orc (D)
  A giant cockroach (D)
  A goblin (D)
  6 jackals (D)
  A bat simulacrum (D)
  A quokka skeleton (D)
  A rat (D)
92 creatures vanquished.

Vanquished Creatures (collateral kills)
  A naga mage (D)
  A jumping spider (shapeshifter) (D)
  A troll (D)
  A polar bear (D)
  A redback (D)
  2 wraiths (D)
  A wyvern (D)
  A steam dragon (D)
  A vampire mosquito (D)
  A floating eye (D)
  2 bullfrogs (D)
  An adder (D)
  A goblin (D)
  2 jackals (D)
  A kobold (D)
  2 rats (D)
20 creatures vanquished.

Vanquished Creatures (others)
  A bog body (D)
  10 knights (D)
  3 ancestors (D)
14 creatures vanquished.

Grand Total: 126 creatures vanquished

Notes
Turn   | Place    | Note
-------+----------+-------------------------------------------
     0 | D        | diana the Merfolk Gladiator began the quest for the Orb.
     0 | D        | Reached XP level 1. HP: 16/16 MP: 1/1
     8 | D        | Noticed a worker ant
    24 | D        | Killed a worker ant
    24 | D        | Reached XP level 2. HP: 8/26 MP: 2/2
    24 | D        | Reached XP level 3. HP: 10/32 MP: 3/3
   266 | D        | Found a glowing golden altar of the Shining One.
   266 | D        | Found a glowing silver altar of Zin.
   266 | D        | Found a basalt altar of Yredelemnul.
   266 | D        | Found a shimmering altar of Xom.
   266 | D        | Found an ornate altar of the Wu Jian Council.
   266 | D        | Found a bloodstained altar of Trog.
   266 | D        | Found a deep blue altar of Sif Muna.
   266 | D        | Found a sacrificial altar of Ru.
   266 | D        | Found a stormy altar of Qazlal.
   266 | D        | Found an iron altar of Okawaru.
   266 | D        | Found a sparkling altar of Nemelex Xobeh.
   266 | D        | Found a burning altar of Makhleb.
   266 | D        | Found a viscous altar of Jiyva.
   266 | D        | Found a hazy altar of Hepliaklqana.
   266 | D        | Found an opulent altar of Gozag.
   266 | D        | Found a blossoming altar of Fedhas.
   266 | D        | Found a white marble altar of Elyvilon.
   266 | D        | Found a shadowy altar of Dithmenos.
   266 | D        | Found a snail-covered altar of Cheibriados.
   267 | D        | Found a radiant altar of Vehumet.
   267 | D        | Found a corrupted altar of Lugonu.
   267 | D        | Found a roughly hewn altar of Beogh.
   268 | D        | Found a hide-covered altar of Uskayaw.
   268 | D        | Found an ancient bone altar of Kikubaaqudgha.
   268 | D        | Found a shattered altar of Ashenzari.
   271 | D        | Became a worshipper of Hepliaklqana the Forgotten
   280 | D        | Reached skill level 5 in Fighting
   335 | D        | Reached XP level 4. HP: 29/36 MP: 4/4
   541 | D        | Reached * piety under Hepliaklqana
   541 | D        | Noticed a hungry ghost
   563 | D        | Killed a hungry ghost
   563 | D        | Reached XP level 5. HP: 46/46 MP: 5/5
   563 | D        | Reached XP level 6. HP: 53/53 MP: 6/6
   602 | D        | Reached skill level 10 in Fighting
   627 | D        | Noticed an orc knight
   646 | D        | Killed an orc knight
   646 | D        | Reached skill level 15 in Polearms
   646 | D        | Reached XP level 7. HP: 25/63 MP: 7/7
   846 | D        | Noticed Grinder
   877 | D        | Killed Grinder
   877 | D        | Reached skill level 1 in Armour
   877 | D        | Reached XP level 8. HP: 71/71 MP: 8/8
   888 | D        | Noticed a wizard
   889 | D        | Reached ** piety under Hepliaklqana
   904 | D        | Killed a wizard
  1025 | D        | Remembered your ancestor Aula as a knight
  1051 | D        | Noticed a wyvern
  1059 | D        | Killed a wyvern
  1059 | D        | Reached skill level 10 in Dodging
  1059 | D        | Reached XP level 9. HP: 78/78 MP: 9/9
  1063 | D        | Noticed a flayed ghost
  1077 | D        | Killed a flayed ghost
  1160 | D        | Reached *** piety under Hepliaklqana
  1160 | D        | Noticed a polar bear
  1160 | D        | Noticed a five-headed hydra
  1160 | D        | Noticed a troll
  1160 | D        | a polar bear changed into a troll
  1174 | D        | Killed a five-headed hydra
  1174 | D        | Reached skill level 15 in Fighting
  1174 | D        | Reached skill level 5 in Armour
  1179 | D        | Killed a troll
  1184 | D        | Reached XP level 10. HP: 73/88 MP: 10/10
  1359 | D        | Reached skill level 1 in Invocations
  1562 | D        | Reached **** piety under Hepliaklqana
  1573 | D        | Noticed a naga mage
  1573 | D        | Noticed a naga ritualist
  1573 | D        | Noticed a flayed ghost
  1592 | D        | Killed a naga mage
  1597 | D        | Killed a naga ritualist
  1610 | D        | Killed a flayed ghost
  1610 | D        | Reached skill level 15 in Dodging
  1772 | D        | Noticed an orc knight
  1772 | D        | Noticed Purgy
  1772 | D        | Noticed a sea snake
  1786 | D        | Killed a sea snake
  1786 | D        | Reached skill level 5 in Invocations
  1795 | D        | Killed an orc knight
  1801 | D        | Killed Purgy
  1801 | D        | Reached XP level 11. HP: 96/96 MP: 13/15
  1895 | D        | Noticed Gastronok
  1896 | D        | Noticed Joseph
  1928 | D        | Killed Joseph
  1948 | D        | Killed Gastronok
  2217 | D        | Reached ***** piety under Hepliaklqana
  2223 | D        | Noticed Josephine
  2234 | D        | Killed Josephine
  2402 | D        | Noticed a nagaraja
  2428 | D        | Killed a nagaraja
  2428 | D        | Reached XP level 12. HP: 78/107 MP: 18/18
  2621 | D        | Noticed a war gargoyle
  2652 | D        | Noticed a sun demon
  2684 | D        | Killed a war gargoyle
  3168 | D        | Noticed a fire giant
  3240 | D        | Killed a fire giant
  3737 | D        | Reached XP level 13. HP: 101/117 MP: 20/20
  3811 | D        | Noticed Harold
  3815 | D        | Killed Harold
  3815 | D        | Reached skill level 10 in Armour
  3816 | D        | Noticed a death cob
  3832 | D        | Noticed a great orb of eyes
  3839 | D        | Paralysed by a great orb of eyes for 2 turns
  3853 | D        | HP: 3/117 [death cob (21)]
  3853 | D        | Annihilated by a death cob

Skill      XL: |  1  2  3  4  5  6  7  8  9 10 11 12 13 |
---------------+----------------------------------------+-----
Fighting       | 4 6 9 12 13 14 15 17 19 21 | 21.2
Polearms       | 7 8 12 15 16 | 16.0
Armour         | 1 3 5 6 8 9 10 | 10.1
Dodging        | 6 10 13 15 18 21 | 21.6
Invocations    | 5 9 |  9.9
Throwing       | |  2.0

Action                   |  1- 3 |  4- 6 |  7- 9 | 10-12 | 13-15 || total
-------------------------+-------+-------+-------+-------+-------++-------
Melee: Trident           |    41 |    30 |    18 |       |       ||    89
       Spear             |       |    15 |    41 |       |       ||    56
       Halberd           |       |       |    12 |   360 |    30 ||   402
Throw: Throwing net      |     3 |     1 |       |       |       ||     4
Invok: Ancestor Life: Kn |       |       |     1 |       |       ||     1
       Idealise          |       |       |       |     3 |     1 ||     4
       Ancestor Identity |       |       |       |     1 |       ||     1
  Use: Potion            |     1 |     1 |     1 |    12 |     3 ||    18
       Scroll            |       |       |       |       |     1 ||     1
 Stab: Sleeping          |       |     1 |       |       |       ||     1
       Distracted        |       |       |       |     4 |       ||     4
  Eat: Ration            |       |       |       |     1 |       ||     1
       Chunk             |       |       |       |     7 |       ||     7
Armor: Leather armour    |     6 |       |       |       |       ||     6
       Chain mail        |       |       |     9 |       |       ||     9
       Ring mail         |       |       |     3 |    69 |     4 ||    76
Dodge: Dodged            |    23 |     2 |    35 |   320 |    33 ||   413
